Map: Prion Terraces

Players

CMStormPolt (Polt) - Winner!

  • Race: Terran Terran
  • League: Grandmaster

Scarlett

  • Race: Zerg Zerg
  • League: Grandmaster

VOD

Have the link to the VOD?

Description

Time

  • Played on: March 14, 2016, 8:43 p.m.
  • Length: 20:02
Show
View Real Time Build Order
Export as new Build Order

CMStormPolt Terran - Winner!

Build Orders: Reaper Expand, Bio Hellbat 

Get SALT Encoding   

  12  0:00  SCV  
  13  0:13  SCV  
  14  0:17  Supply Depot  
  14  0:26  SCV  
  15  0:39  SCV  
  15  0:40  Barracks  
  16  0:43  Refinery  
  16  0:51  SCV  
  17  1:03  SCV  
  18  1:15  SCV  
  19  1:27  Orbital Command  
  19  1:29  Reaper  
  20  1:39  Command Center  
  20  1:48  Supply Depot  
  20  1:52  SCV  
  21  2:01  Marine  
  22  2:04  SCV  
  22  2:07  Factory  
  23  2:12  Refinery  
  23  2:16  SCV  
  24  2:23  Barracks Reactor  
  24  2:28  SCV  
  25  2:41  SCV  
  26  2:51  Orbital Command  
  26  2:53  SCV  
  26  2:54  Bunker  
  26  2:57  Starport  
  27  2:58  Factory Tech Lab  
  27  3:00  Marine x2  
  27  3:05  SCV  
  30  3:07  Refinery  
  30  3:17  SCV x2  
  30  3:18  Marine x2  
  34  3:21  Siege Tank  
  34  3:26  Supply Depot  
  37  3:29  SCV  
  37  3:32  SCV  
  39  3:37  Medivac  
  41  3:41  SCV  
  41  3:42  Marine x2  
  41  3:44  SCV  
  45  3:51  Supply Depot  
  45  3:53  Siege Tank  
  45  3:54  SCV  
  49  3:56  SCV  
  50  4:08  SCV x2  
  52  4:10  Medivac  
  52  4:13  Supply Depot, Marine x2  
  56  4:20  SCV x2  
  58  4:27  Command Center  
  58  4:32  SCV x2  
  60  4:38  Factory Reactor  
  60  4:40  Marine  
  60  4:41  Stimpack  
  61  4:46  SCV x2  
  61  4:48  Starport Reactor  
  63  4:53  Barracks  
  63  4:54  Refinery, Barracks  
  63  4:56  Supply Depot  
  63  4:58  SCV x2  
  65  5:00  Marine  
  65  5:08  Engineering Bay x2  
  65  5:10  SCV x2  
  67  5:18  Marine  
  68  5:24  Barracks x2  
  68  5:26  Factory Reactor  
  68  5:30  Medivac x2  
  68  5:35  Terran Infantry Armor Level 1, Terran Infantry Weapons Level 1  
  72  5:36  Marine  
  73  5:43  Missile Turret  
  73  5:44  Orbital Command  
  73  5:45  Missile Turret, Liberator  
  73  5:47  Liberator  
  73  5:50  Marine x2  
  73  5:51  Marine x2, Missile Turret  
  73  5:54  Marine  
  78  6:01  Widow Mine x2  
  78  6:02  Orbital Command  
  88  6:13  SCV x2  
  90  6:20  Supply Depot x2, Marine x3  
  90  6:21  Barracks Reactor  
  90  6:22  Marine, Barracks Reactor  
  90  6:24  Marine  
  95  6:26  Missile Turret  
  95  6:28  Liberator, SCV x3  
  95  6:30  Liberator  
  98  6:32  Widow Mine  
  100  6:41  Widow Mine  
  100  6:45  Supply Depot  
  104  6:51  SCV x3  
  104  6:53  Refinery  
  110  6:55  Refinery  
  110  6:56  Factory  
  110  6:57  Supply Depot  
  110  7:00  Armory  
  110  7:12  SCV x3  
  110  7:13  Marine x9  
  122  7:18  Combat Shields  
  122  7:31  Marine  
  122  7:35  Widow Mine x2  
  127  7:40  SCV x3  
  127  7:43  Supply Depot  
  130  7:45  Supply Depot  
  130  7:46  Medivac  
  130  7:47  Medivac  
  130  7:50  Terran Infantry Weapons Level 2, Terran Infantry Armor Level 2  
  129  7:53  Terran Ship Weapons Level 1  
  129  7:57  Factory Tech Lab  
  129  8:00  Marine x4  
  129  8:04  Marine x5  
  138  8:07  Supply Depot x2  
  138  8:08  Supply Depot  
  138  8:10  Hellbat x2  
  142  8:14  Liberator  
  142  8:15  Liberator  
  142  8:28  Marine x8  
  142  8:29  Marine  
  157  8:35  Thor  
  157  8:37  Infernal Pre-Igniter  
  160  8:41  Hellbat  
  160  8:42  Hellbat  
  160  8:44  SCV x3  
  144  8:57  Marine x6  
  144  8:58  Marine x3  
  130  9:07  Liberator x2  
  130  9:15  Marine x8, Hellbat x2  
  130  9:16  Marine  
  142  9:26  Thor  
  154  9:35  Marine x6  
  154  9:36  Marine x3  
  163  9:41  Hellbat x2  
  167  9:50  Liberator x2  
  106  10:07  Marine x8  
  106  10:08  Marine  
  106  10:09  Thor  
  109  10:18  Hellbat x2  
  102  10:32  Marine x9  
  111  10:50  Marine x8  
  111  10:51  Marine  
  111  10:56  Liberator  
  111  10:57  Liberator  
  119  11:00  Thor  
  119  11:02  Hellbat x2  
  125  11:15  Terran Infantry Weapons Level 3  
  131  11:25  Marine x7  
  129  11:26  Marine  
  129  11:29  Marine  
  98  11:41  Hellbat x2  
  101  11:51  Marine x9  
  108  12:18  Marine x7  
  108  12:20  Orbital Command  
  108  12:22  Marine  
  116  12:23  Marine  
  110  12:39  Medivac x2  
  114  12:45  Marine x4  
  114  12:46  Marine x2  
  111  12:59  Marine x2  
  111  13:00  Marine  
  111  13:03  Hellbat x2  
  112  13:17  SCV x3  
  103  13:58  Marine x4  
  105  14:08  Marine x3  
  107  14:14  Medivac  
  107  14:25  Medivac  
  82  14:44  Marine x4  
  86  14:49  Marine  
  86  14:51  Marine  
  88  15:16  Marine x2  
  88  15:17  Marine x3  
  88  15:20  Marine  
  85  15:21  Marine  
  84  15:51  Marine x4  
  84  15:52  Marine x3  
  91  16:00  Marine  
  91  16:01  Marine, Liberator  
  95  16:38  Liberator  
  95  16:44  Liberator  
  95  16:52  Marine x2  
  100  17:06  Orbital Command  
  103  17:14  Marine x2  
  85  17:40  Marine x3  
  84  17:50  Marine x2  
  86  17:54  SCV  
  86  18:14  Medivac  
  86  18:16  SCV  
  89  18:20  Refinery  
  89  18:26  Marine x5  
  94  18:27  Marine x2  
  96  18:47  SCV  
  95  18:48  SCV  
  93  19:00  SCV x2  
  94  19:11  Marine x2  
  94  19:12  Marine x7, SCV  
  94  19:13  Medivac  
Show
View Real Time Build Order
Export as new Build Order

Scarlett Zerg 

Build Orders: Hatch First, Muta Ling Bane 

Get SALT Encoding   

  12  0:00  Drone  
  13  0:08  Drone  
  14  0:17  Overlord  
  14  0:23  Drone, Extractor  
  15  0:36  Drone x2  
  17  0:51  Hatchery  
  17  0:55  Drone  
  17  0:58  Drone  
  18  1:10  Spawning Pool  
  17  1:13  Extractor  
  17  1:15  Drone  
  17  1:19  Drone  
  18  1:27  Drone  
  19  1:37  Overlord  
  19  1:50  Drone  
  20  1:58  Queen  
  22  2:02  Zergling x2  
  22  2:03  Queen  
  22  2:05  Drone  
  26  2:10  Zergling x2  
  26  2:15  Drone  
  28  2:17  Metabolic Boost  
  28  2:22  Drone  
  28  2:32  Drone  
  28  2:33  Queen, Drone  
  32  2:42  Drone  
  32  2:43  Drone  
  33  2:46  Overlord  
  33  2:53  Drone  
  33  2:58  Drone  
  35  3:05  Drone  
  35  3:06  Drone x3  
  39  3:13  Drone x4  
  39  3:17  Overlord  
  43  3:23  Overlord  
  43  3:29  Hatchery  
  43  3:30  Lair  
  43  3:31  Extractor x2  
  43  3:32  Overlord  
  40  3:34  Drone  
  41  3:42  Zergling x2  
  41  3:43  Zergling x2  
  41  3:47  Drone  
  41  3:48  Drone x5  
  49  3:51  Queen  
  51  4:01  Evolution Chamber  
  51  4:02  Evolution Chamber  
  49  4:08  Drone  
  49  4:09  Drone x3  
  53  4:12  Baneling Nest  
  53  4:13  Extractor  
  53  4:16  Drone x5  
  56  4:21  Overlord  
  56  4:22  Drone x2  
  58  4:33  Zerg Melee Weapons Level 1  
  58  4:34  Spire  
  57  4:44  Zerg Ground Armor Level 1  
  57  4:47  Drone  
  57  4:48  Drone x6  
  64  4:56  Centrifical Hooks  
  64  5:00  Queen  
  64  5:01  Overlord  
  64  5:05  Drone x2  
  68  5:11  Zergling x8  
  70  5:17  Queen  
  70  5:19  Zergling x2  
  70  5:20  Zergling x6  
  75  5:24  Overlord  
  75  5:25  Queen  
  77  5:29  Zergling x8  
  80  5:36  Zergling x4  
  82  5:49  Mutalisk x5  
  84  5:54  Mutalisk  
  84  5:56  Overlord  
  84  5:57  Overlord  
  94  5:58  Overlord  
  94  6:00  Overlord  
  94  6:01  Hatchery  
  93  6:04  Extractor  
  93  6:05  Drone x3  
  95  6:11  Mutalisk  
  95  6:17  Zerg Flyer Weapons Level 1  
  97  6:18  Baneling x2  
  97  6:23  Zergling x12  
  102  6:32  Zerg Melee Weapons Level 2  
  102  6:34  Zergling x6  
  102  6:39  Overlord x4  
  105  6:43  Zergling x14  
  112  6:47  Zerg Ground Armor Level 2  
  112  6:53  Overlord x3  
  112  7:06  Mutalisk x2  
  112  7:08  Extractor  
  115  7:09  Pneumatized Carapace  
  115  7:11  Drone, Extractor  
  115  7:12  Drone x3, Extractor  
  115  7:14  Drone x3  
  120  7:15  Drone  
  120  7:16  Drone  
  120  7:17  Hatchery, Drone  
  120  7:22  Zergling x2  
  123  7:25  Baneling x3  
  123  7:26  Baneling x2  
  120  7:37  Drone  
  120  7:38  Drone x6  
  127  7:45  Overseer  
  127  7:46  Overseer  
  127  7:50  Mutalisk x4  
  126  7:52  Zergling x18  
  126  7:54  Baneling x3  
  135  7:58  Hatchery  
  135  8:01  Zergling x6  
  135  8:05  Mutalisk x2  
  141  8:08  Zergling x8  
  141  8:09  Overlord  
  145  8:14  Zergling x2  
  145  8:15  Zergling x6  
  149  8:27  Zergling x10  
  154  8:36  Zergling x16  
  156  8:42  Zergling x8  
  143  8:48  Zergling x2  
  143  8:49  Zergling x6  
  132  9:04  Zerg Flyer Armor Level 1  
  132  9:06  Infestation Pit  
  132  9:09  Zergling x20  
  141  9:20  Zergling x2  
  141  9:21  Zergling x6  
  145  9:27  Queen  
  145  9:29  Zergling x2  
  145  9:30  Zergling x10  
  151  9:32  Baneling  
  151  9:33  Baneling x17  
  151  9:35  Baneling  
  151  9:36  Baneling x7, Zergling x2  
  151  9:37  Zergling x8  
  156  9:41  Zergling x4  
  156  9:42  Zergling x2  
  114  10:00  Mutalisk x13  
  114  10:03  Zergling x4  
  123  10:10  Zergling x12  
  123  10:15  Zergling x8  
  123  10:20  Hive  
  119  10:23  Overseer  
  117  10:34  Zergling x22  
  125  10:54  Zergling x28  
  125  10:55  Zergling x2  
  138  11:04  Baneling x16  
  138  11:06  Zergling x2  
  138  11:07  Zergling x4  
  138  11:19  Baneling x3  
  129  11:31  Zergling x34  
  112  11:37  Zergling x6  
  102  11:46  Zergling x10  
  96  12:03  Corruptor  
  96  12:04  Corruptor x4  
  95  12:14  Corruptor x2  
  98  12:16  Zergling x6  
  101  12:25  Zergling x2  
  101  12:26  Zergling x8  
  106  12:36  Baneling x5  
  106  12:37  Baneling  
  103  12:38  Zergling x10  
  108  12:44  Zergling x2  
  108  12:45  Zergling x6  
  111  12:58  Zergling x16  
  112  13:29  Hatchery  
  105  13:45  Hatchery  
  105  13:46  Zergling x2  
  105  13:47  Zergling x28  
  119  13:59  Baneling x2, Zergling x2  
  119  14:00  Zergling x4  
  106  14:22  Zergling x14  
  90  14:31  Zergling x2  
  90  14:32  Zergling x2  
  92  14:40  Zergling x2  
  92  14:42  Baneling  
  86  14:46  Baneling x4  
  86  14:51  Zergling x4  
  89  15:03  Zergling x2  
  89  15:04  Zergling x16  
  87  15:22  Zergling x8  
  77  15:46  Pathogen Glands  
  77  15:53  Hatchery  
  60  16:13  Infestor  
  60  16:14  Infestor x2  
  60  16:15  Infestor x3  
  60  16:17  Infestor  
  73  16:27  Infestor  
  72  16:47  Infestor  
  74  17:05  Infestor  
  74  17:07  Baneling  
  74  17:08  Baneling x4  
  76  17:23  Zergling x2  
  76  17:24  Zergling x4  
  67  17:38  Zergling x12  
  56  17:50  Baneling x3  
  55  17:58  Infestor  
Tags
 
Add a new tag
Caveats
  • Supply blocks, unpowered buildings, or Contaminate may cause inaccurate times.
  • Supply counts are checked every 10 seconds.